AoeStats
← Lukebeam54

Nomad

507587920Analyzed
4v4 RM · 13d ago on Sep 18, 2026· 54m 49s· 8 players
Game mode
Random Map
Map size
231×231
Population
200
Speed
Normal
Resources
Standard
Victory
Conquest
Starting age
Dark Age
Ending age
Imperial Age
RankedLock teamsTeams togetherTeam positionsShared explorationLock speedFull tech treeHidden civsTurbo modeCheats
Victory
Defeat
🇨🇴 Persians · Colombia
776
+7
🇺🇸 Aztecs · United States
632
+12
🇪🇸 Byzantines · Spain
624
+12
🇪🇸 Japanese · Spain
572
+15
🇨🇱 Khmer · Chile
807
-21
🇺🇸 Huns · United States
515
-10
🇺🇸 Romans · United States
477
-10
🇨🇱 Koreans · Chile
397
-6
er_titi92
15:27 Feudal Age
21:03 Double-Bit Axe
21:40 Horse Collar
25:52 Wheelbarrow
28:51 Castle Age
27:08 Stone Mining
27:09 Gold Mining
29:27 Padded Archer Armor
29:34 Scale Barding Armor
29:30 Scale Mail Armor
32:53 Bow Saw
35:07 Heavy Plow
35:47 Gold Shaft Mining
35:48 Stone Shaft Mining
39:54 Imperial Age
38:34 Greek Fire
40:53 Chain Barding Armor
42:10 Two-Man Saw
41:44 Crop Rotation
41:51 Guilds
42:15 Elite Cataphract
44:31 Logistica
44:31 Fishing Lines
45:18 Hand Cart
45:53 Spies/Treason
46:54 Conscription
47:16 Plate Barding Armor
47:09 Ballistics
51:40 Chemistry
51:37 Loom
52:12 Chain Mail Armor
51:44 Treadmill Crane
51:50 Arrowslits
53:39 Hoardings
53:21 Fletching
53:46 Leather Archer Armor
53:29 Guard Tower
54:09 Illumination
Stkk6995
16:06 Feudal Age
18:50 Horse Collar
25:45 Double-Bit Axe
37:31 Castle Age
39:02 Padded Archer Armor
39:13 Forging
38:47 Elite Skirmisher
40:21 Bow Saw
43:01 Iron Casting
42:43 Leather Archer Armor
43:53 Heavy Plow
50:51 Gold Mining
50:51 Stone Mining
53:47 Bloodlines
53:38 Husbandry
54:12 Parthian Tactics
54:14 Thumb Ring
EightAsp2685512
6:11 Loom
6:17 Loom
27:57 Feudal Age
28:25 Feudal Age
30:02 Arson
30:59 Wheelbarrow
30:19 Gold Mining
30:15 Double-Bit Axe
30:14 Horse Collar
30:18 Man-at-Arms
31:36 Stone Mining
31:35 Fishing Lines
33:11 Padded Archer Armor
33:01 Fletching
33:21 Forging
33:12 Scale Mail Armor
33:18 Scale Barding Armor
36:39 Castle Age
36:26 Bloodlines
38:43 Squires
38:28 Gambesons
38:04 Long Swordsman
38:05 Pikeman
39:07 Chain Mail Armor
39:08 Leather Archer Armor
38:56 Husbandry
40:09 Gold Shaft Mining
39:56 Bow Saw
40:46 Heavy Plow
40:09 Light Cavalry
41:26 Iron Casting
42:51 Hand Cart
50:52 Imperial Age
49:57 Ballistics
49:47 Fortified Wall
49:33 Murder Holes
49:19 Treadmill Crane
49:50 Masonry
51:51 Chain Barding Armor
51:27 Bodkin Arrow
50:54 Cavalier
52:54 Two-Man Saw
51:43 Two-Handed Swordsman
52:44 Gillnets
53:04 Medium Warships
53:40 Plate Mail Armor
53:40 Conscription
55:58 Chemistry
54:24 Champion
Xx-Antrax-Xx44
7:16 Loom
28:32 Feudal Age
29:03 Man-at-Arms
29:30 Arson
39:48 Castle Age
52:13 Imperial Age
51:54 Squires
51:40 Gambesons
53:13 Spies/Treason
54:24 Conscription
Lukebeam54
12:54 Feudal Age
26:23 Man-at-Arms
33:29 Castle Age
32:20 Gold Mining
38:58 Long Swordsman
Ambwind
6:47 Loom
21:04 Feudal Age
21:38 Man-at-Arms
23:08 Wheelbarrow
28:24 Forging
28:15 Scale Mail Armor
Maxwell
Jx
4:41 Loom
Connection lost

Rejoining the realm…

Still unreachable

The connection could not be restored.

Session expired

The server has moved on; the page needs a fresh start.